 Dungeon Crawl Stone Soup version 0.29-a0-323-g050149af67 (webtiles) character file.

Game seed: 10689320147757781187

9 Morbidden the Skirmisher (level 2, 20/24 HPs)
             Began as a Demonspawn Fighter on Apr 11, 2022.
             Quit the game on level 1 of the Dungeon.
             The game lasted 00:00:16 (327 turns).

Morbidden the Skirmisher (Demonspawn Fighter)        Turns: 327, Time: 00:00:17

Health: 20/24      AC:  6    Str: 16    XL:     2   Next: 6%
Magic:  2/2        EV:  8    Int:  9    God:
Gold:   41         SH:  4    Dex: 12    Spells: 1/1 levels left

rFire   . . .      SeeInvis .   a - +0 war axe
rCold   . . .      Faith    .   c - +0 buckler
rNeg    . . .      Spirit   .   b - +0 scale mail
rPois   .          Reflect  .   (no helmet)
rElec   .          Harm     .   (no cloak)
rCorr   .          Rampage  .   (no gloves)
Will    .....                   (no boots)
Stlth   ..........              (no amulet)
HPRegen 0.08/turn               (no ring)
MPRegen 0.08/turn               (no ring)

@: no status effects
A: foul stench 1
a: no special abilities


You were on level 1 of the Dungeon.
You visited 1 branch of the dungeon, and saw 1 of its levels.

You collected 41 gold pieces.

Inventory:

Hand Weapons
 a - a +0 war axe (weapon)
Armour
 b - a +0 scale mail (worn)
 c - a +0 buckler (worn)
Scrolls
 e - a scroll of blinking {unknown}
Potions
 d - a potion of might
 f - a potion of flight {unknown}


   Skills:
 + Level 3.2 Fighting
 + Level 1.8 Axes
 + Level 2.9 Armour
 + Level 2.8 Shields


You had one spell level left.
You didn't know any spells.
Your spell library was empty.

Dungeon Overview and Level Annotations

Branches:
Dungeon (1/15)

Altars:

Shops:
D:1 [


Innate Abilities, Weirdness & Mutations

You may rarely emit foul miasma when damaged in melee.


Message History

A frilled lizard is nearby!
A frilled lizard is nearby!
The frilled lizard bites you but does no damage.
You barely miss the frilled lizard. The frilled lizard bites you.
A frilled lizard is nearby!
You slash the frilled lizard!
You kill the frilled lizard!
You have reached level 2!
Your demonic ancestry asserts itself...
You begin to emit a foul stench of rot and decay.
You see here a frilled lizard corpse.
Key pressed, stopping explore.
No target in view!
Key pressed, stopping explore.
No target in view!
There is an entrance to Jyoje Ucikh's Armour Emporium here.
Found a stone staircase leading down.
You now have 41 gold pieces (gained 15).
A kobold comes into view. It is wielding a +0 whip.
Found 8 gold pieces.
A kobold is nearby!
A kobold is nearby!
The kobold hits you with a +0 whip.
You barely miss the kobold. The kobold hits you but does no damage.
You barely miss the kobold. The kobold closely misses you.
You block the kobold's attack.
A kobold is nearby!
You closely miss the kobold. The kobold closely misses you.
A kobold is nearby!
You closely miss the kobold. The kobold barely misses you.
A kobold is nearby!
You barely miss the kobold. You block the kobold's attack.
The kobold hits you with a +0 whip.
You barely miss the kobold. You block the kobold's attack.
You miss the kobold. The kobold barely misses you.
The kobold hits you with a +0 whip.
You hit the kobold.
You kill the kobold!
Unknown command.
Are you sure you want to abandon this character and quit the game? (Confirm with "yes".)

.#..##.........#
..#.......####.#######
.#....................
#...........>#.#######
.............#.##
....###.........#
##### #.........# #
#...#####.#######
.....
##........@)..$.#
..### #..##.#........#
#... ...## #........#
#### ..........#
#.#........# ####
#.#........# +.P## .
.........# #.PP# #
.########## ###..♣


There were no monsters in sight!

Vanquished Creatures
  A ball python (D:1)
  A bat (D:1)
  A giant cockroach (D:1)
  A goblin (D:1)
  A hobgoblin (D:1)
  A kobold (D:1)
  A frilled lizard (D:1)
  A rat (D:1)
8 creatures vanquished.

Notes
Turn   | Place    | Note
-------+----------+-------------------------------------------
     0 | D:1      | Morbidden the Demonspawn Fighter began the quest for the
                  | Orb.
     0 | D:1      | Reached XP level 1. HP: 18/18 MP: 1/1
   280 | D:1      | Found Jyoje Ucikh's Armour Emporium.
   285 | D:1      | Gained mutation: You may rarely emit foul miasma when
                  | damaged in melee. [demonic ancestry]
   285 | D:1      | Reached XP level 2. HP: 23/24 MP: 2/2
   327 | D:1      | Quit the game

Illustrated notes

Levels and vault maps discovered:
D:1:      denvon_arrival_planthouse, layout_loops_cross,
          dilly_ecumenical_altar_fadedgnrine, serial_shops, nicolae_diamond_shop

Action                   || total
-------------------------++-------
Melee: War axe           ||    35
Armor: Scale mail        ||    21
Dodge: Dodged            ||    19
Block: Buckler           ||    11

Table legend: (Time is in decaauts)
 A = Elapsed time spent in this place.
 B = Non-inter-level travel time spent in this place.
 C = Inter-level travel time spent in this place.
 D = Time resting spent in this place.
 E = Time spent auto-exploring this place.
 F = Levels seen in this place.
 G = Mean time per level.
                   A        B        C        D        E       F      G
               +--------+--------+--------+--------+--------+-----+--------+
         Total |    342 |    342 |      0 |      0 |    269 |   1 |  342.0 |
       Dungeon |    342 |    342 |      0 |      0 |    269 |   1 |  342.0 |
               +--------+--------+--------+--------+--------+-----+--------+

Top non-repeatable levels by time:
     D:1: 342 daAuts
